 Dungeon Crawl Stone Soup version 0.30.0-10-gfe55d96785 (webtiles) character file.

Game seed: 1849952978093707450

181455 croobank the Opulent (level 18, -4/142 HPs)
             Began as a Gnoll Fire Elementalist on May 15, 2023.
             Was an Initiate of Gozag.
             Slain by a naga warrior
             ... wielding a +2 vampiric glaive
              (8 damage)
             ... on level 4 of the Snake Pit.
             The game lasted 02:44:40 (45661 turns).

croobank the Opulent (Gnoll Fire Elementalist)     Turns: 45661, Time: 02:44:41

Health: -4/142     AC: 20    Str:  8    XL:     18   Next: 30%
Magic:  35/35      EV: 14    Int: 22    God:    Gozag
Gold:   5381       SH: 16    Dex: 22    Spells: 3/44 levels left

rFire   + . .        Z - +5 Maxwell's thermic engine {flame, freeze, rev}
rCold   + + .        O - +2 kite shield {AC+3}
rNeg    . . .        L - +1 ring mail of the Fiddle {rF+ Dex+3}
rPois   +            S - +1 helmet "Tibamp" {Drain Dex+4}
rElec   .            P - scarf {repulsion}
rCorr   +            a - +1 pair of gloves
SInv    .            h - +2 pair of boots
Will    +....        Y - amulet of magic regeneration
Stlth   +++++        K - ring "Yxkipre" {Wiz rF+ rC+ Str+2 Dex+3}
HPRegen 0.43/turn    F - ring "Nozoloa" {Ice rPois rCorr Str-3}
MPRegen 0.64/turn

%: repel missiles, wizardry (x1)
@: constricted, studying Ice Magic
A: fangs 1, strong nose, distributed training
a: Renounce Religion, Potion Petition, Call Merchant, Bribe Branch


You were on level 4 of the Snake Pit.
You worshipped Gozag.
Gozag was greatly pleased with you.
You visited 5 branches of the dungeon, and saw 27 of its levels.
You also visited: Bailey and Ice Cave.

You collected 10582 gold pieces.
You spent 3960 gold pieces at shops.
You paid 1241 gold pieces to Gozag.

Inventory:

Hand Weapons
 x - a +4 dagger
 M - a +2 broad axe of electrocution
 Z - the +5 Maxwell's thermic engine (weapon) {flame, freeze, rev}
   (You took it off an orc warrior on level 13 of the Dungeon)
Missiles
 c - 7 throwing nets (quivered)
 w - 6 curare-tipped darts
 J - 7 boomerangs of dispersal
Armour
 a - a +1 pair of gloves (worn)
 d - a scarf of resistance
 h - a +2 pair of boots (worn)
 n - a +2 robe of willpower
 E - a +2 cloak of stealth
 L - the +1 ring mail of the Fiddle (worn) {rF+ Dex+3}
   (You found it on level 13 of the Dungeon)

   Dex:       It affects your dexterity (+3).
   rF:        It protects you from fire.
 O - a +2 kite shield of protection (worn)
 P - a scarf of repulsion (worn)
 S - the +1 helmet "Tibamp" (worn) {Drain Dex+4}
   (You found it on level 8 of the Dungeon)

   Dex:       It affects your dexterity (+4).
   Drain:     It drains your maximum health when unequipped.
Magical Staves
 p - a staff of air
 T - the staff of fire "Divus" {rF+ rN+}
   (You took it off an orc warrior on level 10 of the Dungeon)

   [staff of fire]

   Base accuracy: +5 Base damage: 5 Base attack delay: 1.2 This weapon's minimum
   attack delay (0.6) is reached at skill level 12.
   rF:        It protects you from fire.
   rN:        It protects you from negative energy.
   It falls into the 'Staves' category.
   It is a one-handed weapon.
Jewellery
 b - a +6 ring of dexterity
 k - a ring of ice
 o - a ring of fire
 q - a ring of magical power
 t - a ring of poison resistance
 F - the ring "Nozoloa" (right hand) {Ice rPois rCorr Str-3}
   (You bought it in a shop on level 15 of the Dungeon)

   [ring of ice]

   It enhances your ice magic.
   Str:       It affects your strength (-3).
   rF:        It makes you vulnerable to fire.
   rC:        It protects you from cold.
   rPois:     It protects you from poison.
   rCorr:     It protects you from acid and corrosion.
 K - the ring "Yxkipre" (left hand) {Wiz rF+ rC+ Str+2 Dex+3}
   (You acquired it on level 12 of the Dungeon)

   [ring of wizardry]

   It improves your spell success rate.
   Str:       It affects your strength (+2).
   Dex:       It affects your dexterity (+3).
   rF:        It protects you from fire.
   rC:        It protects you from cold.
 W - the ring "Eklinen" {rCorr Int+2}
   (You bought it in a shop on level 9 of the Dungeon)

   [ring of resist corrosion]

   Int:       It affects your intelligence (+2).
   rCorr:     It protects you from acid and corrosion.
 X - a +6 ring of intelligence
 Y - an amulet of magic regeneration (around neck)
Wands
 s - a wand of paralysis (21)
 u - a wand of quicksilver (3)
 B - a wand of flame (54)
 H - a wand of mindburst (21)
 I - a wand of iceblast (5)
Scrolls
 m - 5 scrolls of poison
 r - a scroll of amnesia
 y - a scroll of magic mapping
 D - 3 scrolls of vulnerability
 R - 6 scrolls of teleportation
 V - a scroll of silence
Potions
 e - 3 potions of lignification
 f - 5 potions of brilliance
 g - 4 potions of ambrosia
 i - 7 potions of might
 j - 8 potions of haste
 l - 3 potions of resistance
 v - 7 potions of flight
 z - 2 potions of cancellation
 A - 3 potions of invisibility
 C - 14 potions of curing
 G - a potion of attraction
 N - a potion of heal wounds
 Q - a potion of mutation
 U - 3 potions of berserk rage


   Skills:
 + Level 12.7 Fighting
 + Level 12.7 Short Blades
 + Level 12.7 Long Blades
 + Level 12.7 Axes
 + Level 12.7 Maces & Flails
 + Level 12.7 Polearms
 + Level 12.7 Staves
 + Level 12.7 Ranged Weapons
 + Level 12.7 Throwing
 + Level 12.7 Armour
 + Level 13.4 Dodging
 + Level 13.3 Stealth
 + Level 12.7 Shields
 + Level 12.7 Unarmed Combat
 + Level 13.6 Spellcasting
 + Level 11.0 Conjurations
 + Level 10.8 Hexes
 + Level 10.8 Summonings
 + Level 10.8 Necromancy
 + Level 10.8 Translocations
 + Level 10.8 Transmutations
 + Level 12.0 Fire Magic
 + Level 12.5 Ice Magic
 + Level 10.8 Air Magic
 + Level 10.8 Earth Magic
 + Level 10.8 Poison Magic
 + Level 13.8 Invocations
 + Level 12.7 Evocations


You had 3 spell levels left.
You knew the following spells:

 Your Spells              Type           Power      Damage    Failure   Level
a - Foxfire               Conj/Fire      100%       2x1d9     1%          1
b - Scorch                Fire           100%       2d9       1%          2
c - Inner Flame           Hex/Fire       60%        N/A       1%          3
d - Flame Wave            Conj/Fire      60%        2d14      1%          4
e - Frozen Ramparts       Ice            100%       1d16      1%          3
f - Airstrike             Air            29%        2d(5-21)  1%          4
g - Blink                 Tloc           100%       N/A       1%          2
h - Sticky Flame          Conj/Fire      60%        2d8       1%          4
i - Summon Mana Viper     Hex/Summ       58%        N/A       3%          5
j - Summon Cactus Giant   Summ           29%        N/A       19%         6
k - Iskenderun's Mystic   Conj/Tloc      58%        2d12      1%          4
l - Dazzling Flash        Conj/Hex       100%       N/A       1%          3

Your spell library contained the following spells:

 Spells                   Type           Power      Damage    Failure   Level
 Freeze                   Ice            100%       1d10      1%          1
 Sandblast                Erth           100%       2d20      1%          1
 Shock                    Conj/Air       100%       1d9       1%          1
 Cigotuvi's Dreadful Rot  Necr/Pois/Air  100%       N/A       1%          2
 Ensorcelled Hibernation  Hex/Ice        100%       N/A       1%          2
 Lesser Beckoning         Tloc           100%       N/A       1%          2
 Momentum Strike          Conj/Tloc      100%       3d10      1%          2
 Passwall                 Tmut/Erth      48%        N/A       1%          2
 Hailstorm                Conj/Ice       79%        3d16      1%          3
 Ignite Poison            Fire/Tmut/Pois 59%        N/A       1%          3
 Stone Arrow              Conj/Erth      100%       3d13      1%          3
 Swiftness                Air            58%        N/A       1%          3
 Volatile Blastmotes      Fire/Tloc      100%       2d18      1%          3
 Fulminant Prism          Conj/Hex       29%        3d14      1%          4
 Ice Form                 Ice/Tmut       79%        N/A       1%          4
 Summon Ice Beast         Ice/Summ       79%        N/A       1%          4
 Freezing Cloud           Conj/Ice/Air   39%        6-21      2%          5
 Agony                    Necr           58%        N/A       3%          5
 Lee's Rapid Deconstruct  Erth           29%        3d15*     3%          5
 Silence                  Hex/Air        29%        N/A       3%          5
 Conjure Ball Lightning   Conj/Air       29%        3x3d8     19%         6
 Haunt                    Necr/Summ      29%        N/A       69%         7
 Monstrous Menagerie      Summ           29%        N/A       69%         7
 Discord                  Hex            29%        N/A       100%        8
 Disjunction              Tloc           29%        N/A       100%        8
 Infestation              Necr           29%        N/A       100%        8
 Animate Dead             Necr           Unusable   N/A       N/A         4
 Simulacrum               Ice/Necr       Unusable   N/A       N/A         6

Dungeon Overview and Level Annotations

Branches:
Dungeon (15/15)            Temple (1/1) D:5            Lair (5/5) D:9
 Shoals (0/4) Lair:2        Snake (4/4) Lair:3        Slime (0/5) Lair:4
    Orc (2/2) D:10            Elf (0/3) Orc:2        Vaults (0/5) D:14
 Depths (0/4) D:15         Bailey (visited)           IceCv (visited)

Altars:
Dithmenos
Elyvilon
Gozag
Hepliaklqana
Kikubaaqudgha
Okawaru
Qazlal
Vehumet
Wu Jian
Yredelemnul

Shops:
D:7 *   D:9 =   D:10 !   D:15 =:   Orc:2 [=!!   Snake:3 :

Annotations:
D:8 3 runed translucent doors, notthatgreg's ghost, novice FeSu
D:11 3 runed translucent doors, shadowrider38's ghost, journeyman DsIE
D:12 3 runed translucent doors, Xeikkuus's ghost, journeyman MiFi
Snake:1 3 runed translucent doors, exclusion: obsidian statue, RascalDebosk's ghost, journeyman DjCj


Innate Abilities, Weirdness & Mutations

You have very sharp teeth.
Your uncanny sense of smell can sniff out nearby items.
Your experience applies equally to all skills.


Message History

The naga warrior hits you with a +2 vampiric glaive!!
You block the naga warrior's attack.
You slash the naga warrior! You burn the naga warrior.
You freeze the naga warrior.
The naga warrior is moderately wounded.
The naga warrior hits you with a +2 vampiric glaive!
The naga warrior draws strength from your wounds!
You block the naga warrior's attack.
You closely miss the naga warrior.
The naga warrior is lightly wounded.
The naga warrior barely misses you. x2
You slice the naga warrior!! You burn the naga warrior.
You freeze the naga warrior.
The naga warrior is heavily wounded.
The naga warrior spits poison at you.
The splash of poison is repelled.
You hit the naga warrior but do no damage.
You freeze the naga warrior.
You bite the naga warrior, but do no damage.
The naga warrior is heavily wounded.
You block the naga warrior's attack. x2
You slash the naga warrior! You burn the naga warrior.
You freeze the naga warrior.
The naga warrior is severely wounded.
The naga warrior hits you with a +2 vampiric glaive!!!
* * * LOW HITPOINT WARNING * * *
The naga warrior draws strength from your wounds!
The naga warrior grabs you. The naga warrior constricts you.
* * * LOW HITPOINT WARNING * * *
You closely miss the naga warrior.
The naga warrior is heavily wounded.
You block the naga warrior's attack. The naga warrior constricts you.
* * * LOW HITPOINT WARNING * * *
You hit the naga warrior. You burn the naga warrior.
You freeze the naga warrior.
You bite the naga warrior, but do no damage.
The naga warrior is heavily wounded.
The naga warrior hits you with a +2 vampiric glaive!
You die...
Your body crumbles into a pile of gold.

#.# ###..[#### .... $ #.#
#....))?<[ ......##
#.###....[)### ...#...
#.#........# # ......
#.#........# # N....
####).........### N...
#...........###.. ...
#####.....#....[# #.. ..##
######NNN@$.......#### #.. ...#
#...#..######......# #.. ...#
#.....### ##......# #..
..$#####.......# #.......# ##.
..N$.$.........####.......# #####
##NN####..................###....
#.$## ####.[...###....##[...)...
..## #...#............##)).. N##
#...###.....##..[.)....


You could see 3 naga warriors.

Vanquished Creatures
  Rupert (D:14)
  Kirke (D:15)
  Agnes (D:13)
  A reaper (IceCv)
  Snorg (D:14)
  Josephine (Orc:1)
  2 vault guards (Bailey)
  6 hydras
  3 salamander tyrants
  4 ogre magi (Orc:2)
  2 centaur warriors
  8 death yaks
  5 catoblepae
  6 anacondas
  16 naga warriors
  2 boulder beetles
  A death knight (D:15)
  A tengu warrior (D:15)
  7 two-headed ogres
  An orc high priest (Orc:2)
  4 shock serpents
  19 naga sharpshooters
  Urug (Lair:1)
  Amaemon (Lair:3)
  Nergalle (Orc:2)
  A skyshark (Lair:4)
  2 salamander mystics
  A skeletal warrior (D:15)
  A sea snake (Snake:3)
  2 wolf spider zombies (D:15)
  2 flayed ghosts
  2 orc knights
  A wizard (D:14)
  A deep elf archer (D:13)
  5 naga ritualists
  2 lindwurms (Lair:5)
  Pikel (D:7)
  3 harpies (Lair:2)
  A necromancer (D:14)
  6 deep elf pyromancers
  6 mana vipers
  8 orc sorcerers
  19 ugly things
  7 cyclopes
  7 manticores
  5 guardian serpents
  11 salamanders
  6 elephants (Lair:5)
  4 centaur zombies (D:15)
  2 ice statues (IceCv)
  10 naga magi
  An orange demon (Lair:3)
  2 torpor snails
  37 black mambas
  Maggie (D:6)
  A gargoyle (D:14)
  An unseen horror (D:11)
  4 rime drakes
  10 cane toads
  A kobold demonologist (D:12)
  An efreet (D:15)
  3 freezing wraiths
  10 komodo dragons
  8 ice devils (IceCv)
  An anaconda simulacrum (IceCv)
  A redback zombie (D:15)
  10 trolls
  A harpy zombie (D:15)
  A polar bear (Lair:4)
  3 meliai (D:15)
  Grinder (D:6)
  Prince Ribbit (Bailey)
  3 blink frogs (Lair:2)
  An ettin zombie (D:15)
  A meliai zombie (D:15)
  3 shadows
  A water elemental (D:14)
  3 wyverns (Lair:4)
  10 wraiths
  44 yaks
  3 hogs (D:15)
  5 basilisks
  A steam dragon (D:7)
  6 humans (Bailey)
  7 vampire mosquitoes
  2 wargs (Orc:1)
  12 water moccasins
  A hydra simulacrum (IceCv)
  A harpy simulacrum (IceCv)
  42 nagas
  A glowing shapeshifter zombie (D:15)
  Duvessa (D:6)
  3 acid dragons
  6 nameless horrors
  A hornet zombie (D:15)
  27 orc warriors
  2 ice beasts
  2 sky beasts (D:7)
  4 black bears
  7 wolves
  8 ogres
  6 centaurs
  4 boggarts (Lair:4)
  2 kobold brigands
  17 bullfrogs
  7 two-headed ogre simulacra
  3 scorpions
  A cane toad simulacrum (Orc:1)
  18 wights
  Dowan (D:6)
  2 elephant simulacra (IceCv)
  11 killer bees
  3 howler monkeys
  3 electric eels
  16 orc priests
  2 hounds
  3 jellies (D:6)
  Crazy Yiuf (D:6)
  4 sleepcaps
  4 iguanas
  2 boggart zombies (D:15)
  4 troll simulacra
  33 orc wizards
  2 spriggan simulacra (IceCv)
  3 wolf simulacra
  7 adders
  A naga simulacrum (IceCv)
  2 shadow imps
  3 white imps (IceCv)
  An ufetubus (IceCv)
  2 dart slugs (D:4)
  73 orcs
  9 bats
  6 endoplasms
  3 giant cockroaches
  14 goblins
  10 hobgoblins
  A jackal (D:4)
  A quokka (D:1)
  11 ball pythons
  A frilled lizard (D:1)
  11 kobolds
  6 rats
833 creatures vanquished.

Vanquished Creatures (collateral kills)
  3 nagarajas
  3 anacondas
  2 naga warriors (Snake:2)
  4 naga sharpshooters
  2 shock serpents
  6 skeletal warriors (D:15)
  A wolf spider zombie (D:15)
  5 naga ritualists
  3 wizards (D:15)
  A necromancer (D:15)
  A golden dragon skeleton (D:15)
  8 mana vipers
  3 salamanders
  A centaur zombie (D:15)
  6 black mambas
  A guardian serpent (Snake:1)
  5 naga magi
  A nameless horror (D:15)
  A meliai zombie (D:15)
  A spriggan skeleton (D:15)
  2 hogs (D:15)
  A vampire (D:15)
  10 nagas
  25 foxfires
96 creatures vanquished.

Vanquished Creatures (others)
  A black mamba (Snake:3)
  A naga (Snake:3)
  An orc wizard (Orc:2)
  1797 foxfires
1800 creatures vanquished.

Grand Total: 2729 creatures vanquished

Notes
Turn   | Place    | Note
-------+----------+-------------------------------------------
     0 | D:1      | croobank the Gnoll Fire Elementalist began the quest for
                  | the Orb.
     0 | D:1      | Reached XP level 1. HP: 13/13 MP: 6/6
   198 | D:1      | Reached XP level 2. HP: 19/19 MP: 2/7
   201 | D:1      | Learned a level 2 spell: Scorch
  1140 | D:2      | Reached skill level 5 in Spellcasting
  1140 | D:2      | Reached XP level 3. HP: 25/25 MP: 3/9
  1200 | D:2      | Learned a level 3 spell: Inner Flame
  1227 | D:2      | Reached skill level 1 in Invocations
  1451 | D:2      | Reached skill level 1 in Fighting
  1451 | D:2      | Reached skill level 1 in Short Blades
  1451 | D:2      | Reached skill level 1 in Long Blades
  1451 | D:2      | Reached skill level 1 in Axes
  1451 | D:2      | Reached skill level 1 in Maces & Flails
  1451 | D:2      | Reached skill level 1 in Polearms
  1451 | D:2      | Reached skill level 1 in Staves
  1451 | D:2      | Reached skill level 1 in Ranged Weapons
  1451 | D:2      | Reached skill level 1 in Throwing
  1451 | D:2      | Reached skill level 1 in Armour
  1451 | D:2      | Reached skill level 1 in Shields
  1451 | D:2      | Reached skill level 1 in Unarmed Combat
  1451 | D:2      | Reached skill level 1 in Evocations
  2084 | D:3      | Found an iron altar of Okawaru.
  2214 | D:3      | Reached XP level 4. HP: 32/32 MP: 11/11
  2216 | D:3      | Reached skill level 1 in Hexes
  2216 | D:3      | Reached skill level 1 in Summonings
  2216 | D:3      | Reached skill level 1 in Necromancy
  2216 | D:3      | Reached skill level 1 in Translocations
  2216 | D:3      | Reached skill level 1 in Transmutations
  2216 | D:3      | Reached skill level 1 in Ice Magic
  2216 | D:3      | Reached skill level 1 in Air Magic
  2216 | D:3      | Reached skill level 1 in Earth Magic
  2216 | D:3      | Reached skill level 1 in Poison Magic
  2319 | D:3      | Found a shadowy altar of Dithmenos.
  2480 | D:3      | Learned a level 4 spell: Flame Wave
  2800 | D:4      | Reached XP level 5. HP: 37/37 MP: 10/12
  3123 | D:4      | Reached skill level 5 in Dodging
  3123 | D:4      | Reached XP level 6. HP: 15/44 MP: 2/14
  3300 | D:4      | Noticed a black bear
  3304 | D:4      | Killed a black bear
  3488 | D:4      | Reached XP level 7. HP: 51/51 MP: 15/15
  3836 | D:4      | Reached skill level 5 in Stealth
  4346 | D:5      | Entered Level 5 of the Dungeon
  4346 | D:5      | Found a staircase to the Ecumenical Temple.
  4376 | Temple   | Entered the Ecumenical Temple
  4444 | Temple   | Became a worshipper of Gozag Ym Sagoz the Greedy
  4500 | D:5      | Reached XP level 8. HP: 44/58 MP: 0/16
  5583 | D:6      | Found a runed translucent door.
  5584 | D:6      | Noticed Crazy Yiuf
  5590 | D:6      | Killed Crazy Yiuf
  5838 | D:6      | Noticed Grinder
  5864 | D:6      | Paralysed by Grinder for 4 turns
  5870 | D:6      | Killed Grinder
  6112 | D:6      | Noticed Maggie
  6126 | D:6      | Killed Maggie
  6127 | D:6      | Reached XP level 9. HP: 33/65 MP: 7/18
  6304 | D:6      | Noticed Duvessa
  6304 | D:6      | Noticed Dowan
  6310 | D:6      | Killed Duvessa
  6312 | D:6      | Killed Dowan
  7244 | D:7      | Reached skill level 5 in Invocations
  7251 | D:7      | Noticed a troll
  7257 | D:7      | Killed a troll
  7306 | D:7      | Found Biamy's General Store.
  7316 | D:7      | Reached skill level 5 in Fighting
  7316 | D:7      | Reached skill level 5 in Short Blades
  7316 | D:7      | Reached skill level 5 in Long Blades
  7316 | D:7      | Reached skill level 5 in Axes
  7316 | D:7      | Reached skill level 5 in Maces & Flails
  7316 | D:7      | Reached skill level 5 in Polearms
  7316 | D:7      | Reached skill level 5 in Staves
  7316 | D:7      | Reached skill level 5 in Ranged Weapons
  7316 | D:7      | Reached skill level 5 in Throwing
  7316 | D:7      | Reached skill level 5 in Armour
  7316 | D:7      | Reached skill level 5 in Shields
  7316 | D:7      | Reached skill level 5 in Unarmed Combat
  7316 | D:7      | Reached skill level 5 in Evocations
  7318 | D:7      | Reached XP level 10. HP: 21/74 MP: 2/20
  7464 | D:7      | Found a flagged portal.
  7596 | Bailey   | Entered a bailey
  7625 | Bailey   | Learned a level 3 spell: Frozen Ramparts
  7678 | Bailey   | Reached skill level 5 in Conjurations
  7993 | Bailey   | Noticed a vault guard
  8004 | Bailey   | Killed a vault guard
  8107 | Bailey   | Noticed Prince Ribbit
  8107 | Bailey   | Noticed a vault guard
  8112 | Bailey   | Killed Prince Ribbit
  8121 | Bailey   | Killed a vault guard
  8402 | D:7      | Bought a scroll of identify for 24 gold pieces
  8402 | D:7      | Bought a potion of heal wounds for 60 gold pieces
  8402 | D:7      | Bought a +1 kite shield of protection for 198 gold pieces
  8483 | D:7      | Noticed Pikel
  8490 | D:7      | Killed Pikel
  8491 | D:7      | Reached skill level 5 in Hexes
  8491 | D:7      | Reached skill level 5 in Summonings
  8491 | D:7      | Reached skill level 5 in Necromancy
  8491 | D:7      | Reached skill level 5 in Translocations
  8491 | D:7      | Reached skill level 5 in Transmutations
  8491 | D:7      | Reached skill level 5 in Ice Magic
  8491 | D:7      | Reached skill level 5 in Air Magic
  8491 | D:7      | Reached skill level 5 in Earth Magic
  8491 | D:7      | Reached skill level 5 in Poison Magic
  8491 | D:7      | Reached XP level 11. HP: 81/81 MP: 23/23
  8764 | D:7      | You fall into a shaft and drop 1 floor!
  8910 | D:8      | Found a runed translucent gate.
  8910 | D:8      | Found a runed translucent gate.
  8910 | D:8      | Found a runed translucent gate.
  8952 | D:8      | Noticed notthatgreg's ghost (novice FeSu)
  8966 | D:8      | Identified the +1 helmet "Tibamp" {Drain Dex+4}
  9091 | D:8      | Learned a level 4 spell: Airstrike
  9204 | D:8      | Noticed a two-headed ogre
  9212 | D:8      | Killed a two-headed ogre
  9742 | D:9      | Found Qotyu's Jewellery Shoppe.
  9747 | D:9      | Bought the ring "Eklinen" {rCorr Int+2} for 343 gold pieces
  9747 | D:9      | Bought a +6 ring of intelligence for 396 gold pieces
 10104 | D:9      | Paralysed by an orc warrior for 3 turns
 10232 | D:9      | Paralysed by an orc warrior for 5 turns
 10244 | D:8      | Paralysed by an orc warrior for 4 turns
 11005 | D:9      | Found a staircase to the Lair.
 11209 | D:10     | Entered Level 10 of the Dungeon
 11974 | D:10     | Found a staircase to the Orcish Mines.
 12115 | D:10     | Found Erimac's Distillery.
 12118 | D:10     | Bought a potion of haste for 140 gold pieces
 12118 | D:10     | Bought a potion of flight for 42 gold pieces
 12118 | D:10     | Bought a potion of curing for 42 gold pieces
 12316 | D:10     | Identified the staff of fire "Divus" {rF+ rN+}
 12774 | D:11     | Noticed a deep elf pyromancer
 12781 | D:11     | Killed a deep elf pyromancer
 12838 | D:11     | Identified a scroll of acquirement
 12838 | D:11     | Acquired a book of Spatial Translocations
 12843 | D:11     | Learned a level 2 spell: Blink
 13014 | D:11     | Noticed a manticore
 13024 | D:11     | Killed a manticore
 13025 | D:11     | Reached XP level 12. HP: 75/91 MP: 18/24
 13115 | D:11     | Found a runed translucent gate.
 13115 | D:11     | Found a runed translucent gate.
 13117 | D:11     | Found a runed translucent gate.
 13120 | D:11     | Noticed shadowrider38's ghost (journeyman DsIE)
 13709 | D:12     | Noticed a two-headed ogre
 13716 | D:12     | Killed a two-headed ogre
 13737 | D:12     | Noticed a two-headed ogre
 13743 | D:12     | Killed a two-headed ogre
 13854 | D:12     | Noticed a two-headed ogre
 13859 | D:12     | Killed a two-headed ogre
 14144 | D:12     | Acquired the ring "Yxkipre" {Wiz rF+ rC+ Str+2 Dex+3}
 14212 | D:12     | Found a runed translucent gate.
 14212 | D:12     | Found a runed translucent gate.
 14212 | D:12     | Found a runed translucent gate.
 14216 | D:12     | Noticed Xeikkuus's ghost (journeyman MiFi)
 16478 | D:13     | Noticed a centaur warrior
 16485 | D:13     | Killed a centaur warrior
 16688 | D:13     | Reached XP level 13. HP: 98/98 MP: 13/26
 16889 | D:13     | Found an iron altar of Okawaru.
 17224 | D:13     | Identified the +1 ring mail of the Fiddle {rF+ Dex+3}
 17266 | D:13     | Identified the +3 shortbow of Courage {heavy, rF+}
 17365 | D:14     | Noticed Snorg
 17533 | Lair:1   | Entered Level 1 of the Lair of Beasts
 17704 | Lair:1   | Noticed Urug
 17715 | Lair:1   | Killed Urug
 18230 | Lair:1   | Reached skill level 10 in Spellcasting
 18669 | Lair:2   | Found a staircase to the Shoals.
 19277 | Lair:2   | Reached skill level 10 in Dodging
 19752 | Lair:3   | Noticed Amaemon
 19764 | Lair:3   | Killed Amaemon
 19783 | Lair:3   | Found a staircase to the Snake Pit.
 19877 | Lair:3   | Reached skill level 10 in Stealth
 20443 | Lair:4   | Found a staircase to the Slime Pits.
 20560 | Lair:4   | Reached XP level 14. HP: 68/108 MP: 23/28
 20569 | Lair:4   | Reached skill level 10 in Invocations
 21117 | Lair:5   | Entered Level 5 of the Lair of Beasts
 23462 | Lair:5   | Reached skill level 10 in Fire Magic
 23717 | Lair:5   | Reached skill level 10 in Fighting
 23717 | Lair:5   | Reached skill level 10 in Short Blades
 23717 | Lair:5   | Reached skill level 10 in Long Blades
 23717 | Lair:5   | Reached skill level 10 in Axes
 23717 | Lair:5   | Reached skill level 10 in Maces & Flails
 23717 | Lair:5   | Reached skill level 10 in Polearms
 23717 | Lair:5   | Reached skill level 10 in Staves
 23717 | Lair:5   | Reached skill level 10 in Ranged Weapons
 23717 | Lair:5   | Reached skill level 10 in Throwing
 23717 | Lair:5   | Reached skill level 10 in Armour
 23717 | Lair:5   | Reached skill level 10 in Shields
 23717 | Lair:5   | Reached skill level 10 in Unarmed Combat
 23717 | Lair:5   | Reached skill level 10 in Evocations
 24133 | Orc:1    | Entered Level 1 of the Orcish Mines
 24133 | Orc:1    | Found a frozen archway.
 24347 | IceCv    | Entered an ice cave
 24519 | IceCv    | Reached XP level 15. HP: 81/115 MP: 24/30
 24982 | IceCv    | Learned a level 4 spell: Sticky Flame
 25590 | Orc:1    | Noticed Josephine
 25613 | Orc:1    | Killed Josephine
 25851 | Orc:2    | Entered Level 2 of the Orcish Mines
 26292 | Orc:2    | Found a staircase to the Elven Halls.
 26711 | Orc:2    | Found Lemenith's Distillery.
 26819 | Orc:2    | Found a radiant altar of Vehumet.
 26832 | Orc:2    | Found Wiwk's Jewellery Emporium.
 26851 | Orc:2    | Noticed Nergalle
 26861 | Orc:2    | Killed Nergalle
 26867 | Orc:2    | Found an ancient bone altar of Kikubaaqudgha.
 26990 | Orc:2    | Found Kopry's Distillery.
 27081 | Orc:2    | Bought a potion of flight for 45 gold pieces
 27081 | Orc:2    | Bought a potion of haste for 150 gold pieces
 27081 | Orc:2    | Bought a potion of lignification for 45 gold pieces
 27081 | Orc:2    | Bought a potion of attraction for 45 gold pieces
 27081 | Orc:2    | Bought a potion of mutation for 120 gold pieces
 27081 | Orc:2    | Bought a potion of flight for 45 gold pieces
 27081 | Orc:2    | Bought a potion of resistance for 150 gold pieces
 27122 | Orc:2    | Bought a potion of lignification for 45 gold pieces
 27122 | Orc:2    | Bought a potion of berserk rage for 75 gold pieces
 27122 | Orc:2    | Bought a potion of brilliance for 60 gold pieces
 27122 | Orc:2    | Bought a potion of cancellation for 120 gold pieces
 27122 | Orc:2    | Bought a potion of brilliance for 60 gold pieces
 27214 | Orc:2    | Found Laanarphy's Antique Armour Shoppe.
 27285 | Orc:2    | Paralysed by an orc sorcerer for 4 turns
 27990 | D:14     | Noticed Agnes
 28003 | D:13     | Killed Agnes
 28903 | D:14     | Killed Snorg
 29647 | D:14     | Noticed Rupert
 29670 | D:14     | Killed Rupert
 29934 | D:14     | Found a gate to the Vaults.
 30150 | D:14     | Reached XP level 16. HP: 124/124 MP: 26/32
 30233 | D:15     | Entered Level 15 of the Dungeon
 30638 | D:15     | Noticed Kirke
 30685 | D:15     | Bought a book of Beasts for 684 gold pieces
 30691 | D:15     | Learned a level 5 spell: Summon Mana Viper
 30698 | D:15     | Learned a level 6 spell: Summon Cactus Giant
 30703 | D:15     | Learned a level 4 spell: Iskenderun's Mystic Blast
 30732 | D:15     | Reached skill level 10 in Ice Magic
 30740 | D:15     | Killed Kirke
 30898 | D:15     | Found a staircase to the Depths.
 31223 | D:15     | Found a stormy altar of Qazlal.
 32920 | Snake:1  | Entered Level 1 of the Snake Pit
 33823 | D:15     | Bought the ring "Nozoloa" {Ice rPois rCorr Str-3} for 603
                  | gold pieces
 33826 | D:15     | Bought a Trismegistus Codex for 468 gold pieces
 34536 | Snake:1  | Found a runed translucent gate.
 34539 | Snake:1  | Found a runed translucent gate.
 34539 | Snake:1  | Found a runed translucent gate.
 34544 | Snake:1  | Found an opulent altar of Gozag.
 34547 | Snake:1  | Noticed RascalDebosk's ghost (journeyman DjCj)
 34781 | Snake:1  | Reached skill level 10 in Conjurations
 35354 | Snake:2  | Noticed a nagaraja
 35424 | Snake:2  | Killed a nagaraja
 35944 | Snake:2  | Reached XP level 17. HP: 84/133 MP: 21/33
 35973 | Snake:2  | Reached skill level 10 in Hexes
 35973 | Snake:2  | Reached skill level 10 in Summonings
 35973 | Snake:2  | Reached skill level 10 in Necromancy
 35973 | Snake:2  | Reached skill level 10 in Translocations
 35973 | Snake:2  | Reached skill level 10 in Transmutations
 35973 | Snake:2  | Reached skill level 10 in Air Magic
 35973 | Snake:2  | Reached skill level 10 in Earth Magic
 35973 | Snake:2  | Reached skill level 10 in Poison Magic
 36801 | Snake:2  | Found a runed translucent gate.
 36801 | Snake:2  | Found a runed translucent gate.
 36801 | Snake:2  | Found a runed translucent gate.
 37302 | Snake:2  | Learned a level 3 spell: Dazzling Flash
 41638 | Snake:3  | Identified the +3 hand axe "Isuosuxt" {venom, Int+3}
 42033 | Snake:3  | Found Riuvatosa's Book Shoppe.
 42159 | Snake:4  | Entered Level 4 of the Snake Pit
 43755 | Snake:3  | Reached XP level 18. HP: 96/141 MP: 31/35
 45659 | Snake:4  | HP: 7/142 [constriction (6)]
 45661 | Snake:4  | Slain by a naga warrior

Illustrated notes

Levels and vault maps discovered:
D:1:      dpeg_arrival_tiny_g, layout_basic, roderic_lattice_a
D:2:      layout_loops_ring
D:3:      layout_basic, okawaru_trees_1, grunt_dithmenos_smoke_and_mirrors
D:4:      kennysheep_spiral_hall, layout_basic, minmay_misc_feat_rows,
          serial_bayou_pond_c, minmay_misc_feat_more_columns
D:5:      layout_basic, temple_fountains, st_stairs_3
D:6:      layout_basic, hellmonk_no_cap, uniq_maggie, uniq_crazy_yiuf_cottage,
          uniq_grinder, uniq_duvessa
D:7:      layout_cave_pools, serial_shops, shop, enter_bailey_3, eino_jars,
          uniq_pikel
D:8:      layout_cave_pools, gammafunk_ghost_icy
D:9:      layout_rooms, lair_entry_dummy, serial_shops,
          nicolae_shop_back_alley_shop
D:10:     layout_loops_cross, orc_0_dummy, serial_shops,
          nicolae_shop_behind_doors, grunt_decor_one_mirror,
          kennysheep_island_fort
D:11:     layout_irregular_city, gammafunk_ghost_necromancy
D:12:     layout_loops_ring, ebering_ghost_rock_garden
D:13:     evilmike_iron_armoury, layout_basic
D:14:     layout_loops_cross, david_vaults_1, serial_park_fountain,
          kennysheep_four_rooms, uniq_snorg, uniq_rupert, uniq_agnes
D:15:     gammafunk_depths_entry_grave, layout_stronghold, serial_undead,
          serial_undead_c, serial_undead_e, serial_undead_e, serial_undead_f,
          serial_undead_b, serial_undead_b, serial_undead_d, serial_undead_e,
          serial_undead_c, serial_undead_a, nicolae_qazlal_scattered_showers,
          uniq_kirke
Temple:   nicolae_temple_slightly_damp_pantheon
Lair:1:   layout_gridlike, dreamdust_mushroom_princess, st_stairs_8, uniq_urug
Lair:2:   layout_small_grid, nicolae_shoals_entry_roost
Lair:3:   layout_roguey, guppyfry_snake_entry_island, uniq_amaemon
Lair:4:   layout_loops_ring, dpeg_slime_entry_enclosed, kilobyte_rumbling_trees
Lair:5:   evilmike_catoblepas_cave, layout_long_grid, grunt_megastairs_4
Snake:1:  layout_rooms, ebering_ghost_gozag, nicolae_snake_gridmaze_squiggle
Snake:2:  layout_misc_corridors, nicolae_snake_horde_hoard
Snake:3:  layout_onion_interference, serial_shops, shop, evilmike_ambush
          [evilmike_ambush_outer_corners, evilmike_ambush_inner_basic],
          serial_bayou_shore_a
Snake:4:  snake_pit, layout_misc_corridors
Orc:1:    layout_caves, basic_altar, portal_ice_cave_entry_ice_simulacra,
          uniq_josephine
Orc:2:    kennysheep_orc_mage_school, layout_caves, nicolae_orc_lava_tube

Skill      XL: |  1  2  3  4  5  6  7  8  9 10 11 12 13 14 15 16 17 18 |
---------------+-------------------------------------------------------+-----
Conjurations   | 2 3 4 5 6 7 8 9 10 11 | 11.0
Spellcasting   | 5 6 7 8 9 10 11 12 13 | 13.6
Invocations    | 1 2 3 4 5 6 7 8 9 10 11 12 13 | 13.8
Fighting       | 1 2 3 4 5 6 7 8 9 10 11 12 | 12.7
Short Blades   | 1 2 3 4 5 6 7 8 9 10 11 12 | 12.7
Long Blades    | 1 2 3 4 5 6 7 8 9 10 11 12 | 12.7
Axes           | 1 2 3 4 5 6 7 8 9 10 11 12 | 12.7
Maces & Flails | 1 2 3 4 5 6 7 8 9 10 11 12 | 12.7
Polearms       | 1 2 3 4 5 6 7 8 9 10 11 12 | 12.7
Staves         | 1 2 3 4 5 6 7 8 9 10 11 12 | 12.7
Ranged Weapons | 1 2 3 4 5 6 7 8 9 10 11 12 | 12.7
Throwing       | 1 2 3 4 5 6 7 8 9 10 11 12 | 12.7
Armour         | 1 2 3 4 5 6 7 8 9 10 11 12 | 12.7
Shields        | 1 2 3 4 5 6 7 8 9 10 11 12 | 12.7
Unarmed Combat | 1 2 3 4 5 6 7 8 9 10 11 12 | 12.7
Evocations     | 1 2 3 4 5 6 7 8 9 10 11 12 | 12.7
Hexes          | 1 2 3 4 5 6 7 8 9 10 | 10.8
Summonings     | 1 2 3 4 5 6 7 8 9 10 | 10.8
Necromancy     | 1 2 3 4 5 6 7 8 9 10 | 10.8
Translocations | 1 2 3 4 5 6 7 8 9 10 | 10.8
Transmutations | 1 2 3 4 5 6 7 8 9 10 | 10.8
Ice Magic      | 1 2 3 4 5 6 7 8 9 11 12 | 12.5
Air Magic      | 1 2 3 4 5 6 7 8 9 10 | 10.8
Earth Magic    | 1 2 3 4 5 6 7 8 9 10 | 10.8
Poison Magic   | 1 2 3 4 5 6 7 8 9 10 | 10.8
Dodging        | 5 6 7 8 9 10 11 12 13 | 13.4
Stealth        | 5 6 7 8 9 10 11 12 13 | 13.3
Fire Magic     | 6 7 8 9 10 11 12 | 12.0

Action                     |  1- 3 |  4- 6 |  7- 9 | 10-12 | 13-15 | 16-18 || total
---------------------------+-------+-------+-------+-------+-------+-------++-------
  Melee: Spear             |    24 |    44 |    25 |   168 |       |       ||   261
         Bite              |     1 |     3 |     2 |    35 |    51 |    66 ||   158
         Punch             |       |       |       |    12 |       |       ||    12
         Staff             |       |       |       |    17 |       |    81 ||    98
         Short sword       |       |       |       |    26 |       |       ||    26
         Double sword      |       |       |       |       |   401 |   349 ||   750
  Throw: Throwing net      |       |       |       |       |       |     8 ||     8
   Cast: Foxfire           |    46 |    54 |   114 |   218 |   454 |   188 ||  1074
         Scorch            |    15 |    28 |   105 |   235 |   250 |   262 ||   895
         Flame Wave        |       |       |     2 |    18 |    57 |    36 ||   113
         Inner Flame       |       |       |       |     7 |    19 |    13 ||    39
         Frozen Ramparts   |       |       |       |     5 |     5 |     2 ||    12
         Airstrike         |       |       |       |     1 |     6 |     2 ||     9
         Blink             |       |       |       |       |     2 |     1 ||     3
         Summon Mana Viper |       |       |       |       |       |    59 ||    59
         Summon Cactus Gia |       |       |       |       |       |    38 ||    38
         Iskenderun's Myst |       |       |       |       |       |    40 ||    40
         Dazzling Flash    |       |       |       |       |       |     1 ||     1
 Invoke: Potion Petition   |       |       |       |       |     1 |       ||     1
         Call Merchant     |       |       |       |       |       |     2 ||     2
  Evoke: Wand              |       |       |       |       |     5 |     4 ||     9
    Use: Scroll            |       |       |    13 |    15 |    15 |     5 ||    48
         Potion            |       |       |     3 |     4 |     6 |     7 ||    20
   Stab: Sleeping          |     4 |       |     1 |       |     6 |       ||    11
         Distracted        |       |       |       |     2 |     6 |     3 ||    11
         Paralysed         |       |       |       |       |     2 |       ||     2
 Armour: Robe              |     3 |     7 |    36 |     9 |       |    90 ||   145
         Leather armour    |       |       |       |    93 |     6 |       ||    99
         Ring mail         |       |       |       |       |   227 |   159 ||   386
         Skin              |       |       |       |       |   109 |       ||   109
  Dodge: Dodged            |     9 |    30 |    52 |   234 |   320 |   541 ||  1186
         Repelled          |       |       |       |       |       |    49 ||    49
  Block: Kite shield       |       |       |       |    14 |   471 |   722 ||  1207
